 Dungeon Crawl Stone Soup version 0.31.0-11-ge490571c62 (webtiles) character file.

Game seed: 9397751763781416348

25 qw the Shooter (level 2, 0/16 HPs)
             Began as a Deep Elf Hunter on Feb 3, 2024.
             Succumbed to their own poison gas
             ... on level 1 of the Dungeon.
             The game lasted 00:00:11 (707 turns).

qw the Shooter (Deep Elf Hunter)                     Turns: 707, Time: 00:00:12

Health: 0/16       AC:  3    Str:  8    XL:     2   Next: 86%
Magic:  4/4        EV: 12    Int: 13    God:
Gold:   38         SH:  0    Dex: 18    Spells: 1/1 levels left

rFire   . . .        f - +0 orcbow
rCold   . . .        (shield currently unavailable)
rNeg    . . .        c - +0 leather armour
rPois   .            (no helmet)
rElec   .            (no cloak)
rCorr   .            (no gloves)
SInv    .            (no boots)
Will    .....        (no amulet)
Stlth   ++           (no ring)
HPRegen 0.22/turn    (no ring)
MPRegen 0.09/turn

%: no passive effects
@: lethally poisoned (0 -> -14)
A: no striking features
a: no special abilities


You were on level 1 of the Dungeon.
You visited 1 branch of the dungeon, and saw 1 of its levels.

You collected 38 gold pieces.


   Skills:
 - Level 1.5 Fighting
 + Level 6.5 Ranged Weapons
 - Level 2.4 Dodging
 - Level 1.2 Stealth


You had one spell level left.
You didn't know any spells.
Your spell library was empty.

Inventory:

Hand Weapons
 f - a +0 orcbow (weapon)
Armour
 c - a +0 leather armour (worn)
Potions
 d - a potion of might
 e - a potion of curing {unknown}

Dungeon Overview and Level Annotations

Branches:
Dungeon (1/15)

Altars:


Message History

A bat comes into view.
You shoot an arrow. The arrow hits the bat.
You kill the bat!
Found a stone staircase leading down.
You see here a bat corpse.
There is a stone staircase leading down here.
Done exploring.
Done exploring.
702 ||| READING scroll labelled XIELES JARCHEG.
The air fills with toxic fumes!
As you read the scroll labelled XIELES JARCHEG, it crumbles to dust.
It was a scroll of poison.
Done exploring.
703 ||| READING scroll labelled PONINA JEIBURHI.
As you read the scroll labelled PONINA JEIBURHI, it crumbles to dust.
It is a scroll of identify.
703 ||| IDENTIFYING ruby potion;
d - a potion of might Done exploring.
704 ||| READING scroll labelled FUIREIL HICU.
As you read the scroll labelled FUIREIL HICU, it crumbles to dust.
You feel momentarily disoriented.
It was a scroll of revelation.
Done exploring.
705 ||| DROPPING scroll of butterflies.
You drop a scroll of butterflies.
Done exploring.
What level of the Dungeon? (default 1, ? - help) Sorry, I don't know how to get there.
Enter note:
Enter note:
Enter note:
Enter note:
Enter note:
Enter note:
Enter note:
Enter note:
Enter note: You are engulfed in poison gas.
You are lethally poisoned!
Ouch! That really hurt!
You feel very sick.
707 ||| Stepping ~*~*~tactically~*~*~ (cloud).
You die...

....#.##.....#####....# #..#
....#.........#.......##
#.##
....####.¤............## #.#
....####.¤0...#.......## #.#
..#.##...¤¤¤..#####.######.#
.[#.##...¤¤00.#####.####...#
.....#...¤¤¤¤¤#####%###..###
.....#...¤00¤¤¤¤¤##.##..##
.............###@¤#....##
.....#.......####¤#..###
.....#......)####¤#..###
.....############.¤>.###
###### ###############
###############
###############
###############


There were no monsters in sight!

Vanquished Creatures
  4 ball pythons (D:1)
  2 endoplasms (D:1)
  2 giant cockroaches (D:1)
  2 hobgoblins (D:1)
  3 jackals (D:1)
  A quokka (D:1)
  A bat (D:1)
  2 frilled lizards (D:1)
  3 goblins (D:1)
  3 rats (D:1)
23 creatures vanquished.

Notes
Turn   | Place    | Note
-------+----------+-------------------------------------------
     0 | D:1      | qw the Deep Elf Hunter began the quest for the Orb.
     0 | D:1      | Reached XP level 1. HP: 12/12 MP: 3/3
     0 | D:1      | 0 ||| qw: Version: 0.3-a-155-g5e7d8dd
     0 | D:1      | 0 ||| qw: Game counter: 3541
     0 | D:1      | 0 ||| qw: Melee chars always use a shield: true
     0 | D:1      | 0 ||| qw: God list: Okawaru
     0 | D:1      | 0 ||| qw: Allow faded altars: false
     0 | D:1      | 0 ||| qw: Do Orc after clearing Dungeon:15 true
     0 | D:1      | 0 ||| qw: Do second Lair branch before Depths: true
     0 | D:1      | 0 ||| qw: Lair rune preference: random
     0 | D:1      | 0 ||| qw: Goals: Normal
     0 | D:1      | 0 ||| PLANNING D:1-11
    36 | D:1      | 36 ||| DROPPING +2 sling of freezing.
   173 | D:1      | Reached XP level 2. HP: 16/16 MP: 4/4
   174 | D:1      | Reached skill level 6 in Ranged Weapons
   291 | D:1      | 291 ||| SWAPPING to +0 orcbow.
   292 | D:1      | 292 ||| DROPPING +0 shortbow.
   636 | D:1      | Found a faded altar of an unknown god.
   702 | D:1      | 702 ||| READING scroll labelled XIELES JARCHEG.
   703 | D:1      | 703 ||| READING scroll labelled PONINA JEIBURHI.
   703 | D:1      | 703 ||| IDENTIFYING ruby potion
   704 | D:1      | 704 ||| READING scroll labelled FUIREIL HICU.
   705 | D:1      | 705 ||| DROPPING scroll of butterflies.
   706 | D:1      | HP: 2/16 [poisoned by you (poison gas)]
   707 | D:1      | 707 ||| Stepping ~*~*~tactically~*~*~ (cloud).
   707 | D:1      | Succumbed to their own poison gas

Levels and vault maps discovered:
D:1:      lightli_arrival_lavapool, layout_basic,
          hellmonk_ecumenical_altar_leap_of_faith

Skill      XL: |  1  2 |
---------------+-------+-----
Ranged Weapons | 6 |  6.5
Fighting       | |  1.5
Dodging        | |  2.4
Stealth        | |  1.2

Action                     || total
---------------------------++-------
   Fire: Shortbow          ||    42
         Orcbow            ||    14
    Use: Scroll            ||     3
 Armour: Leather armour    ||     8
  Dodge: Dodged            ||     8

Table legend:
 A = Non-vault XP
 B = Vault XP
 C = Vault XP percentage of total XP
 D = Non-vault monster count
 E = Vault monster count
 F = Vault count percentage of total count
                 A         B        C        D         E       F
            +---------+---------+-------+---------+---------+-------
      Total |      37 |       0 |   0.0 |      23 |       0 |   0.0
            +---------+---------+-------+---------+---------+-------
        D:1 |      37 |       0 |   0.0 |      23 |       0 |   0.0
            +---------+---------+-------+---------+---------+-------
